 Dungeon Crawl Stone Soup version 0.28.0-53-g5a82cb258f (webtiles) character file.

Game seed: 16028629185244102798

176 jiml777 the Stinger (level 5, -1/28 HPs)
             Began as a Gargoyle Venom Mage on June 10, 2022.
             Was a Priest of Lugonu.
             Slain by an adder (2 damage)
             ... on level 3 of the Dungeon.
             The game lasted 00:11:27 (3377 turns).

jiml777 the Stinger (Gargoyle Venom Mage)           Turns: 3377, Time: 00:11:27

Health: -1/28      AC:  7    Str: 17    XL:     5   Next: 56%
Magic:  9/9        EV: 11    Int: 18    God:    Lugonu [***...]
Gold:   58         SH:  0    Dex: 10    Spells: 9/10 levels left

rFire   . . .      SeeInvis .   n - +2 short sword (flame)
rCold   . . .      Faith    .   (no shield)
rNeg    + . .      Spirit   .   d - +0 leather armour
rPois   ∞          Reflect  .   (no helmet)
rElec   +          Harm     .   (no cloak)
rCorr   .          Rampage  .   (no gloves)
Will    .....                   (no boots)
Stlth   ++........              (no amulet)
HPRegen 0.09/turn               q - +6 ring of strength
MPRegen 0.11/turn               (no ring)

@: no status effects
A: sickness immunity, AC +4, negative energy resistance 1, electricity
resistance, torment resistance 1, petrification resistance
a: Renounce Religion, Depart the Abyss, Bend Space, Banish


You were on level 3 of the Dungeon.
You worshipped Lugonu.
Lugonu was most pleased with you.
You visited 1 branch of the dungeon, and saw 3 of its levels.

You collected 58 gold pieces.

Inventory:

Hand Weapons
 n - a +2 short sword of flaming (weapon)
Missiles
 e - 29 sling bullets
 k - 12 bolts
 o - 4 poisoned darts
 p - 25 arrows
Armour
 a - a +0 robe
 d - a +0 leather armour (worn)
Jewellery
 q - a +6 ring of strength (left hand)
Wands
 r - a wand of flame (14)
Scrolls
 b - a scroll of amnesia {unknown}
 f - 2 scrolls of identify {unknown}
 g - a scroll of immolation {unknown}
 i - a scroll of enchant weapon {unknown}
 j - a scroll of holy word {unknown}
 l - a scroll of teleportation {unknown}
 m - 2 scrolls of summoning {unknown}
 t - a scroll of enchant armour {unknown}
Potions
 c - a potion of ambrosia {unknown}
 h - a potion of heal wounds {unknown}
 s - a potion of lignification {unknown}


   Skills:
 + Level 0.8 Fighting
 + Level 0.2 Short Blades
 + Level 0.1 Maces & Flails
 + Level 1.6 Armour
 + Level 2.0 Dodging
 + Level 2.7 Stealth
 + Level 3.0 Spellcasting
 + Level 2.0 Transmutations
 + Level 3.4 Poison Magic
 * Level 1.3 Invocations


You had 9 spell levels left.
You knew the following spells:

 Your Spells              Type           Power      Damage    Failure   Level
a - Sting                 Tmut/Pois      48%        1d5       6%          1

Your spell library contained the following spells:

 Spells                   Type           Power      Damage    Failure   Level
 Poisonous Vapours        Pois/Air       16%        N/A       14%         2
 Mephitic Cloud           Conj/Pois/Air  6%         N/A       36%         3
 Olgreb's Toxic Radiance  Pois           15%        N/A       43%         4
 Gell's Gravitas          Tloc           2%         N/A       50%         3
 Lesser Beckoning         Tloc           2%         N/A       50%         3
 Teleport Other           Tloc           2%         N/A       50%         3


Dungeon Overview and Level Annotations

Branches:
Dungeon (3/15)

Altars:
Lugonu


Innate Abilities, Weirdness & Mutations

You are immune to sickness and miasma.
Your stone body is resilient. (AC +4)
You are immune to poison.
You resist negative energy. (rN+)
You are resistant to electric shocks. (rElec)
You are resistant to unholy torment.
You are immune to petrification.


Message History

The orc shouts!
An orc comes into view. It is wielding a +0 flail.
You swing at nothing.
You hit the orc. You burn the orc.
You kill the orc!
Lugonu accepts your kill.
A bat comes into view.
The orc shouts!
You hit the orc. You burn the orc.
The orc is moderately wounded.
The orc hits you with a +0 short sword. The bat closely misses you.
You hit the orc but do no damage.
The orc is moderately wounded.
The bat closely misses you.
You hit the orc. You burn the orc.
You kill the orc!
Lugonu accepts your kill. The bat hits you but does no damage.
The orc hits you with a +0 flail!
* * * LOW HITPOINT WARNING * * *
The bat closely misses you.
The adder hisses angrily.
Your Transmutations skill increases to level 2!
You hit the bat. You burn the bat.
You kill the bat!
Lugonu accepts your kill. The orc closely misses you.
The adder bites you but does no damage. The adder bites you.
* * * LOW HITPOINT WARNING * * *
The adder closely misses you. The adder bites you but does no damage.
You hit the adder. You burn the adder.
The adder is lightly wounded.
The adder bites you but does no damage.
You barely miss the adder.
The adder is lightly wounded.
The adder misses you.
You hit the adder. You burn the adder.
The adder is almost dead.
The adder bites you.
You die...

.##o..##.#.....
oo.......#...
#####o..##.#.########
....S.......>........
.....####..#.########
.S....)).S..........
.....####..#.#######
.....S...........#
..########...###@# ..
######..###S### ..
........#..o..#######.#
#
#######.#..............
#.#.....#.......#
#.).....#.#########.#
#.)##...............#
##..#.######.########
.....#..#.# #.#


You could see an adder and an orc.

Vanquished Creatures
  An orc priest (D:3)
  Natasha (thrice) (D:2)
  2 adders (D:2)
  A worm (D:2)
  3 dart slugs
  4 orcs (D:3)
  6 endoplasms
  2 giant cockroaches
  A goblin (D:1)
  A hobgoblin (D:1)
  2 jackals (D:1)
  3 kobolds
  2 quokkas (D:2)
  5 ball pythons
  8 bats
  3 frilled lizards
47 creatures vanquished.

Notes
Turn   | Place    | Note
-------+----------+-------------------------------------------
     0 | D:1      | jiml777 the Gargoyle Venom Mage began the quest for the
                  | Orb.
     0 | D:1      | Reached XP level 1. HP: 10/10 MP: 3/3
   323 | D:1      | Found a faded altar of an unknown god.
   333 | D:1      | Prayed at the altar of an unknown god.
   333 | D:1      | Became a worshipper of Lugonu the Unformed
   333 | D:1      | Reached * piety under Lugonu
   333 | D:1      | Reached ** piety under Lugonu
   489 | D:1      | Reached XP level 2. HP: 13/15 MP: 1/5
  1427 | D:2      | Noticed Natasha
  1433 | D:2      | Reached skill level 1 in Transmutations
  1433 | D:2      | Reached XP level 3. HP: 12/20 MP: 2/6
  1682 | D:2      | Killed Natasha
  1999 | D:2      | Reached skill level 1 in Armour
  2096 | D:2      | Reached XP level 4. HP: 12/24 MP: 5/7
  2110 | D:2      | Reached skill level 1 in Invocations
  2535 | D:2      | Reached *** piety under Lugonu
  2707 | D:2      | Noticed Natasha
  2717 | D:2      | Killed Natasha
  2899 | D:2      | Noticed Natasha
  2907 | D:2      | Killed Natasha
  2908 | D:2      | Reached XP level 5. HP: 15/28 MP: 1/9
  3371 | D:3      | HP: 1/28 [adder (4)]
  3377 | D:3      | Slain by an adder

Illustrated notes

Levels and vault maps discovered:
D:1:      psy_arrival_radial02, layout_basic, chequers_ecumenical_altar_simple,
          chequers_arboretum
D:2:      layout_loops_ring, uniq_natasha
D:3:      layout_basic

Skill      XL: |  1  2  3  4  5 |
---------------+----------------+-----
Transmutations | 1 2 |  2.0
Armour         | 1 |  1.6
Invocations    | 1 |  1.3
Dodging        | 2 |  2.0
Spellcasting   | 3 |  3.0
Fighting       | |  0.8
Short Blades   | |  0.2
Maces & Flails | |  0.1
Stealth        | |  2.7
Poison Magic   | |  3.4

Action                   |  1- 3 |  4- 6 || total
-------------------------+-------+-------++-------
Melee: Unarmed           |    20 |       ||    20
       Punch             |     1 |       ||     1
       Short sword       |    48 |    37 ||    85
       Club              |    14 |       ||    14
 Cast: Sting             |    24 |    25 ||    49
Armor: Leather armour    |    47 |    15 ||    62
Dodge: Dodged            |    56 |    26 ||    82
